 Dungeon Crawl Stone Soup version 0.29.1 (webtiles) character file.

Game seed: 12487985740411956417

1621 EvilAshe the Carver (level 9, -2/63 HPs)
             Began as a Human Fighter on Sept 13, 2022.
             Was an Initiate of the Shining One.
             Slain by a black bear (5 damage)
             ... on level 6 of the Dungeon.
             The game lasted 00:16:10 (7803 turns).

EvilAshe the Carver (Human Fighter)                 Turns: 7803, Time: 00:16:10

Health: -2/63      AC: 16    Str: 20    XL:     9   Next: 17%
Magic:  9/9        EV:  7    Int:  9    God:    the Shining One [......]
Gold:   263        SH:  5    Dex: 13    Spells: 8/8 levels left

rFire   . . .      SeeInvis .   a - +0 long sword
rCold   . . .      Faith    .   c - +0 buckler
rNeg    . . .      Spirit   .   f - +0 storm dragon scales
rPois   .          Reflect  .   t - +0 helmet
rElec   +          Harm     .   g - +0 cloak
rCorr   .          Rampage  .   (no gloves)
Will    .....                   z - +2 pair of boots
Stlth   ..........              (no amulet)
HPRegen 0.20/turn               (no ring)
MPRegen 0.11/turn               (no ring)

@: glowing
A: no striking features
a: Renounce Religion


You were on level 6 of the Dungeon.
You worshipped the Shining One.
The Shining One was noncommittal.
You visited 2 branches of the dungeon, and saw 7 of its levels.

You collected 263 gold pieces.

Inventory:

Hand Weapons
 a - a +0 long sword (weapon)
Missiles
 h - 57 stones (quivered)
 j - 5 poisoned darts
Armour
 c - a +0 buckler (worn)
 f - +0 storm dragon scales (worn)
 g - a +0 cloak (worn)
 t - a +0 helmet (worn)
 z - a +2 pair of boots (worn)
Jewellery
 m - a ring of protection from cold
Wands
 w - a wand of flame (40)
Scrolls
 e - a scroll of torment
 l - 2 scrolls of blinking
 n - a scroll of vulnerability
 s - 2 scrolls of amnesia {unknown}
 u - a scroll of butterflies {unknown}
 y - a scroll of enchant weapon {unknown}
Potions
 k - a potion of degeneration
 o - 2 potions of brilliance
 p - 2 potions of curing
 q - a potion of mutation
 x - a potion of magic {unknown}


   Skills:
 - Level 3.0 Fighting
 * Level 10.4 Long Blades
 - Level 3.0 Armour
 - Level 5.0 Shields


You had 8 spell levels left.
You didn't know any spells.
Your spell library contained the following spells:

 Spells                   Type           Power      Damage    Failure   Level
 Apportation              Tloc           0%         N/A       99%         1
 Necrotise                Necr           0%         1d4       99%         1
 Summon Small Mammal      Summ           0%         N/A       99%         1
 Sublimation of Blood     Necr           0%         N/A       100%        2
 Petrify                  Tmut/Erth      0%         N/A       100%        4
 Irradiate                Conj/Tmut      0%         3d11      100%        5


Dungeon Overview and Level Annotations

Branches:
Dungeon (6/15)             Temple (1/1) D:5

Altars:
Ashenzari
Cheibriados
Okawaru
Ru
Trog
Vehumet
The Shining One

Annotations:
D:2 Terence
D:3 3 runed translucent doors, raistware's ghost, amateur OpCj
D:4 Grinder
D:6 2 runed translucent doors, Eustachio


Message History

The ufetubus hits you but does no damage. x2
The vampire mosquito attacks as you move away!
The vampire mosquito bites you but does no damage.
The howler monkey hoots and howls with incredible vigour!
The vampire mosquito bites you.
* * * LOW HITPOINT WARNING * * *
The vampire mosquito draws strength from your injuries!
You hear an angry hiss.
You hear a shout!
You hear a bark! x2
An iguana comes into view.
The vampire mosquito bites you.
* * * LOW HITPOINT WARNING * * *
The vampire mosquito draws strength from your injuries!
The iguana hisses angrily.
You block the vampire mosquito's attack.
The vampire mosquito attacks as you move away!
The vampire mosquito bites you!
* * * LOW HITPOINT WARNING * * *
The vampire mosquito draws strength from your injuries!
A water moccasin comes into view.
Found a scroll labelled CAMICO ZOPSUPN.
The water moccasin hisses angrily.
The vampire mosquito bites you but does no damage.
The vampire mosquito attacks as you move away!
The vampire mosquito bites you but does no damage.
Found an escape hatch in the floor.
The water moccasin bites you but does no damage.
The vampire mosquito closely misses you.
The water moccasin attacks as you move away!
The water moccasin barely misses you.
The vampire mosquito attacks as you move away!
The vampire mosquito completely misses you.
Eustachio shouts!
The vampire mosquito bites you but does no damage.
The ufetubus barely misses you. x2
The water moccasin bites you but does no damage.
The vampire mosquito attacks as you move away!
The vampire mosquito bites you but does no damage.
An iguana comes into view.
The black bear bites you.
You die...

# .. .....# ##.#.. ....#
..#..####...# .
>...#.#....# ..#
#.##.nh..# ##.
...###..#o#..####...
#....5J.##J.......
#....y..##h.#.##..
#...@hS###lnl.##..
###...l.......#..# ..
.........<......# ..
..........o.o..o..###.
.l.........o............
..@.....................
.............o.....#..#.
#.................##....
.......##.............o


You could see Eustachio, an orc warrior, a water moccasin, a black bear, a
vampire mosquito, a necrophage, a howler monkey, 2 iguanas, a jelly, an orc
priest, 3 orcs and an ufetubus.

Vanquished Creatures
  Pikel (D:4)
  Duvessa (D:5)
  Pargi (D:4)
  3 ogres
  A phantom (D:4)
  4 lemures
  A scorpion (D:4)
  Dowan (D:5)
  5 hounds
  3 jellies (D:5)
  Ijyb (D:5)
  Natasha (D:4)
  An iguana (D:2)
  An orc wizard (D:3)
  7 adders
  4 worms
  A dart slug (D:3)
  10 orcs
  6 ball pythons
  10 endoplasms
  2 giant cockroaches (D:1)
  16 goblins
  7 hobgoblins
  4 jackals
  5 quokkas
  9 bats
  A frilled lizard (D:3)
  6 kobolds
  11 rats
124 creatures vanquished.

Notes
Turn   | Place    | Note
-------+----------+-------------------------------------------
     0 | D:1      | EvilAshe the Human Fighter began the quest for the Orb.
     0 | D:1      | Reached XP level 1. HP: 18/18 MP: 1/1
   103 | D:1      | Reached XP level 2. HP: 19/24 MP: 2/2
   474 | D:1      | Reached XP level 3. HP: 23/29 MP: 3/3
   675 | D:1      | Found a faded altar of an unknown god.
   688 | D:1      | Reached skill level 3 in Long Blades
  1277 | D:2      | Reached XP level 4. HP: 32/35 MP: 4/4
  1284 | D:3      | Noticed a kobold brigand
  1284 | D:3      | Found a runed translucent gate.
  1284 | D:3      | Noticed raistware's ghost (amateur OpCj)
  1603 | D:2      | Noticed Terence
  1830 | D:2      | Reached skill level 4 in Long Blades
  2015 | D:2      | Reached XP level 5. HP: 36/41 MP: 5/5
  2790 | D:3      | Found a runed translucent gate.
  2790 | D:3      | Found a runed translucent gate.
  2988 | D:3      | Found a faded altar of an unknown god.
  2991 | D:3      | Found a broken altar of Ashenzari.
  3043 | D:3      | Reached XP level 6. HP: 39/47 MP: 6/6
  3179 | D:4      | Noticed Pikel
  3991 | D:4      | Reached skill level 5 in Long Blades
  4253 | D:4      | Noticed an ogre
  4504 | D:4      | Killed Pikel
  4505 | D:4      | Reached skill level 7 in Long Blades
  4505 | D:4      | Reached skill level 5 in Shields
  4505 | D:4      | Reached XP level 7. HP: 52/52 MP: 7/7
  4505 | D:4      | Reached XP level 8. HP: 58/58 MP: 8/8
  4757 | D:5      | Entered Level 5 of the Dungeon
  4780 | D:4      | Noticed Pargi
  4813 | D:4      | Killed Pargi
  4985 | D:4      | Reached skill level 8 in Long Blades
  5102 | D:4      | Found an iron altar of Okawaru.
  5102 | D:4      | Found a bloodstained altar of Trog.
  5393 | D:4      | Noticed Grinder
  5690 | D:5      | Found a radiant altar of Vehumet.
  6038 | D:5      | Found a sacrificial altar of Ru.
  6093 | D:5      | Reached skill level 9 in Long Blades
  6120 | D:5      | Found a staircase to the Ecumenical Temple.
  6125 | Temple   | Entered the Ecumenical Temple
  6150 | Temple   | Became a worshipper of the Shining One
  6528 | D:4      | Noticed Natasha
  6562 | D:4      | Killed Natasha
  7020 | D:5      | Noticed Dowan
  7021 | D:5      | Noticed Duvessa
  7047 | D:5      | Killed Duvessa
  7048 | D:5      | Reached XP level 9. HP: 63/63 MP: 9/9
  7055 | D:5      | Killed Dowan
  7056 | D:5      | Reached skill level 10 in Long Blades
  7118 | D:5      | Noticed Ijyb
  7123 | D:5      | Paralysed by Ijyb for 3 turns
  7129 | D:5      | Killed Ijyb
  7146 | D:6      | Found a large runed translucent door.
  7146 | D:6      | Found a large runed translucent door.
  7147 | D:6      | Noticed Eustachio
  7799 | D:6      | HP: 2/63 [vampire mosquito (9)]
  7803 | D:6      | Slain by a black bear

Illustrated notes

Levels and vault maps discovered:
D:1:      minmay_arrival_stair_chambers, layout_basic, serial_curves,
          eino_curves_01, eino_curves_01, shapermc_ecumenical_altar_totnotflames
D:2:      minmay_razor_zed, layout_loops_corners, minmay_goblin_kobold_house,
          uniq_terence
D:3:      layout_basic, nicolae_overflow_ecumenical_swirl,
          gammafunk_ghost_nasty_kobolds
D:4:      layout_loops_ring, grunt_temple_overflow_bloody_war, serial_glass,
          glass_columns_b, glass_columns_b, hangedman_minor_gate_pass,
          uniq_natasha, uniq_pikel, uniq_pargi, uniq_grinder
D:5:      layout_loops_corners, nicolae_overflow_hidden_temple,
          overflow_temple_1_default, temple_doors_e, corexii_hall_statues_i,
          uniq_duvessa, uniq_ijyb
D:6:      due_chaos_kobolds, layout_cave_pools, uniq_eustachio
Temple:   hellmonk_temple_beads

Skill      XL: |  1  2  3  4  5  6  7  8  9 |
---------------+----------------------------+-----
Long Blades    | 3 4 7 9 10 | 10.4
Shields        | 4 5 |  5.0
Fighting       | |  3.0
Armour         | |  3.0

Action                   |  1- 3 |  4- 6 |  7- 9 || total
-------------------------+-------+-------+-------++-------
Melee: Long sword        |    90 |   297 |   231 ||   618
Throw: Dart              |       |     1 |     4 ||     5
Evoke: Wand              |       |     1 |     9 ||    10
  Use: Scroll            |       |       |    10 ||    10
       Potion            |       |       |     3 ||     3
 Stab: Paralysed         |       |     8 |     9 ||    17
Armor: Scale mail        |     5 |       |       ||     5
       Storm dragon scal |    60 |   204 |   195 ||   459
Dodge: Dodged            |    26 |    72 |    96 ||   194
Block: Buckler           |    18 |    58 |    61 ||   137
